 Dungeon Crawl Stone Soup version 0.31-a0-640-g39d97e502b (webtiles) character file.

Game seed: 4509315832180986034

365 qw the Shooter (level 6, -4/40 HPs)
             Began as a Gargoyle Hunter on Aug 27, 2023.
             Killed from afar by Ijyb (16 damage)
             ... with a bolt of acid
             ... on level 3 of the Dungeon.
             The game lasted 00:01:01 (2462 turns).

qw the Shooter (Gargoyle Hunter)                    Turns: 2462, Time: 00:01:02

Health: -4/40      AC:  2    Str: 14    XL:     6   Next: 68%
Magic:  6/6        EV: 17    Int: 10    God:
Gold:   152        SH:  0    Dex: 15    Spells: 5/5 levels left

rFire   + . .        Y - +2 shortbow
rCold   . . .        (shield currently unavailable)
rNeg    + . .        i - +0 robe {rF+}
rPois   inf          (no helmet)
rElec   +            (no cloak)
rCorr   .            (no gloves)
SInv    .            (no boots)
Will    .....        d - amulet of regeneration
Stlth   ++           e - +5 ring of evasion
HPRegen 1.06/turn    (no ring)
MPRegen 0.10/turn

%: no passive effects
@: corroded
A: sickness immunity, AC +4, negative energy resistance 1, electricity
resistance, torment resistance 1, petrification resistance
a: no special abilities


You were on level 3 of the Dungeon.
You visited 1 branch of the dungeon, and saw 3 of its levels.

You collected 152 gold pieces.


Innate Abilities, Weirdness & Mutations

You are immune to sickness and miasma.
Your stone body is resilient. (AC +4)
You are immune to poison.
You resist negative energy. (rN+)
You are resistant to electric shocks. (rElec)
You are resistant to unholy torment.
You are immune to petrification.


   Skills:
 - Level 5.3 Fighting
 + Level 6.3 Ranged Weapons
 - Level 1.5 Dodging
 - Level 1.1 Stealth


You had 5 spell levels left.
You didn't know any spells.
Your spell library was empty.

Inventory:

Hand Weapons
 Y - a +2 shortbow (weapon)
Armour
 c - a +0 leather armour
 i - a +0 robe of fire resistance (worn)
Jewellery
 a - a ring of fire
 d - an amulet of regeneration (around neck)
 e - a +5 ring of evasion (left hand)
Potions
 b - a potion of enlightenment {unknown}
 f - 2 potions of heal wounds {unknown}
 g - a potion of haste {unknown}
 h - a potion of curing {unknown}
 j - a potion of attraction {unknown}
 k - a potion of might {unknown}
 l - a potion of invisibility {unknown}

Dungeon Overview and Level Annotations

Branches:
Dungeon (3/15)

Altars:
Trog

Annotations:
D:2 1 runed translucent door, Crazy Yiuf
D:3 Ijyb


Message History

Ijyb is moderately wounded.
Ijyb hits you with a +0 club.
You shoot an arrow. The arrow closely misses Ijyb.
The quokka bites you but does no damage.
Ijyb barely misses you.
You shoot an arrow. The arrow hits Ijyb but does no damage.
Ijyb is moderately wounded.
The quokka barely misses you. Ijyb barely misses you.
You shoot an arrow. The arrow completely misses Ijyb.
The quokka bites you. Ijyb barely misses you. The quokka closely misses you.
You shoot an arrow. The arrow barely misses Ijyb.
Ijyb zaps a wand.
The bolt of acid misses you. The quokka misses you.
You shoot an arrow. The arrow hits Ijyb.
Ijyb is heavily wounded.
Ijyb completely misses you. The quokka barely misses you.
Ijyb closely misses you.
You shoot an arrow. The arrow barely misses Ijyb.
The quokka misses you. The quokka barely misses you.
Ijyb zaps a wand.
The bolt of acid hits you! The acid corrodes you!
You shoot an arrow. The arrow hits Ijyb.
Ijyb is severely wounded.
The quokka misses you.
Ijyb zaps a wand.
The bolt of acid misses you.
You shoot an arrow. The arrow barely misses Ijyb.
The quokka bites you. Ijyb hits you with a +0 club.
You shoot an arrow. The arrow closely misses Ijyb.
The quokka barely misses you.
Ijyb zaps a wand.
The bolt of acid misses you. The quokka bites you.
You shoot an arrow. The arrow closely misses Ijyb.
The quokka barely misses you.
Ijyb zaps a wand.
The bolt of acid hits you.
You shoot an arrow. The arrow barely misses Ijyb.
The quokka barely misses you. Ijyb misses you.
You shoot an arrow. The arrow hits Ijyb but does no damage.
Ijyb is severely wounded.
The quokka barely misses you.
Ijyb screams, "Get away!"
Ijyb zaps a wand.
The bolt of acid misses you. The quokka misses you.
You shoot an arrow. The arrow hits Ijyb but does no damage.
Ijyb is severely wounded.
Ijyb zaps a wand.
The bolt of acid hits you!
You die...

#......####.# #.###.......
#.........#.# #.# #.......
#.......###.# #.# ##......
#....#..###.#####.####......
#....+......................
##...#...........#####......
#...#...........# #......
#...#...........# #......
##########@###### #......
#rg...... #...... #........
#...... #........ #......
......... ###.### ##.......
#.# ....... .. .......


You could see Ijyb and a quokka.

Vanquished Creatures
  Sigmund (D:2)
  Natasha (D:2)
  8 gnolls
  2 adders
  2 worms
  2 dart slugs (D:1)
  An orc (D:3)
  9 ball pythons
  5 endoplasms
  4 giant cockroaches
  5 goblins
  5 hobgoblins
  2 jackals (D:1)
  11 kobolds
  A quokka (D:2)
  2 bats
  7 frilled lizards
  7 rats
75 creatures vanquished.

Notes
Turn   | Place    | Note
-------+----------+-------------------------------------------
     0 | D:1      | qw the Gargoyle Hunter began the quest for the Orb.
     0 | D:1      | Reached XP level 1. HP: 12/12 MP: 1/1
     0 | D:1      | 0 ||| qw: Version: 0.3-a-74-g0d5e918
     0 | D:1      | 0 ||| qw: Game counter: 151
     0 | D:1      | 0 ||| qw: Melee chars always use a shield: true
     0 | D:1      | 0 ||| qw: God list: Okawaru
     0 | D:1      | 0 ||| qw: Allow faded altars: false
     0 | D:1      | 0 ||| qw: Do Orc after clearing Dungeon:15 true
     0 | D:1      | 0 ||| qw: Do second Lair branch before Depths: true
     0 | D:1      | 0 ||| qw: Lair rune preference: random
     0 | D:1      | 0 ||| qw: Goals: Normal
     0 | D:1      | 0 ||| PLANNING D:1-11
    46 | D:1      | Reached XP level 2. HP: 17/17 MP: 2/2
   143 | D:1      | Found a faded altar of an unknown god.
   354 | D:1      | Reached XP level 3. HP: 21/21 MP: 3/3
   370 | D:1      | Reached skill level 5 in Ranged Weapons
   751 | D:1      | 751 ||| UPGRADING to amulet of regeneration.
   788 | D:1      | Found a bloodstained altar of Trog.
   797 | D:1      | 797 ||| UPGRADING to +5 ring of evasion.
   798 | D:1      | 798 ||| DROPPING ring of wizardry.
   799 | D:1      | 799 ||| READING 2 scrolls labelled XEFEADDA BITOH.
   801 | D:1      | 801 ||| READING scroll labelled PAYVYXZETU.
   802 | D:1      | 802 ||| READING scroll labelled FUIWAKE MUPUSOU.
   803 | D:1      | 803 ||| DROPPING scroll of vulnerability.
   804 | D:1      | 804 ||| DROPPING scroll of butterflies.
   829 | D:2      | 829 ||| STAIRDANCE
   839 | D:1      | Reached skill level 3 in Fighting
   864 | D:2      | Reached XP level 4. HP: 16/28 MP: 4/4
   936 | D:2      | 936 ||| RETREATING.
   940 | D:2      | 940 ||| Stepping ~*~*~tactically~*~*~ (retreating).
   964 | D:2      | Reached XP level 5. HP: 29/32 MP: 5/5
  1335 | D:2      | Noticed Sigmund
  1336 | D:2      | 1336 ||| Stepping ~*~*~tactically~*~*~ (outnumbered).
  1343 | D:2      | Reached skill level 6 in Ranged Weapons
  1344 | D:2      | 1344 ||| FLEEEEING.
  1364 | D:2      | Killed Sigmund
  1365 | D:2      | Reached XP level 6. HP: 16/40 MP: 6/6
  1494 | D:2      | Noticed Natasha
  1497 | D:2      | Killed Natasha
  1754 | D:2      | Found a runed translucent door.
  1755 | D:2      | Noticed Crazy Yiuf
  1844 | D:2      | 1844 ||| UPGRADING to +0 robe of fire resistance.
  1854 | D:2      | 1854 ||| READING scroll labelled DANEX KAIVO.
  2067 | D:3      | 2067 ||| READING scroll of enchant weapon.
  2067 | D:3      | 2067 ||| ENCHANTING +1 shortbow.
  2441 | D:3      | Noticed Ijyb
  2459 | D:3      | HP: 8/40 [Ijyb/bolt of acid (5)]
  2462 | D:3      | Killed from afar by Ijyb

Levels and vault maps discovered:
D:1:      dpeg_arrival_lava_altar, layout_loops_ring,
          hellmonk_ecumenical_altar_leap_of_faith
D:2:      minmay_skewed_foursquare, layout_basic, uniq_natasha,
          uniq_crazy_yiuf_cottage, uniq_sigmund
D:3:      layout_basic, minmay_fractal_squares_gapless_5, uniq_ijyb

Skill      XL: |  1  2  3  4  5 |
---------------+----------------+-----
Ranged Weapons | 5 6 |  6.3
Fighting       | 3 5 |  5.3
Dodging        | |  1.5
Stealth        | |  1.1

Action                     |  1- 3 |  4- 6 || total
---------------------------+-------+-------++-------
   Fire: Shortbow          |   101 |   158 ||   259
    Use: Scroll            |     3 |     2 ||     5
 Armour: Leather armour    |    12 |    18 ||    30
         Robe              |       |     2 ||     2
  Dodge: Dodged            |    32 |    79 ||   111

Table legend:
 A = Non-vault XP
 B = Vault XP
 C = Vault XP percentage of total XP
 D = Non-vault monster count
 E = Vault monster count
 F = Vault count percentage of total count
                 A         B        C        D         E       F
            +---------+---------+-------+---------+---------+-------
      Total |     241 |     281 |  53.8 |      69 |       6 |   8.0
            +---------+---------+-------+---------+---------+-------
        D:1 |      64 |       0 |   0.0 |      28 |       0 |   0.0
        D:2 |     143 |     281 |  66.3 |      27 |       6 |  18.2
        D:3 |      34 |       0 |   0.0 |      14 |       0 |   0.0
            +---------+---------+-------+---------+---------+-------
